 Dungeon Crawl Stone Soup version 0.23.2-40-g277498a001 (webtiles) character file.

Game seed: 16558787009478220178

227 Deathwalker the Covered (level 6, -3/44 HPs)
             Began as a Human Warper on Aug 18, 2019.
             Slain by an ogre
             ... wielding a +0 giant club
              (25 damage)
             ... on level 4 of the Dungeon.
             The game lasted 00:19:07 (3738 turns).

Deathwalker the Covered (Human Warper)              Turns: 3738, Time: 00:19:07

Health: -3/44      AC:  7    Str: 17    XL:     6   Next: 22%
Magic:  5/9        EV: 11    Int: 15    God:
Gold:   194        SH:  0    Dex: 13    Spells: 2/9 levels left

rFire    + . .     SeeInvis .   a - +0 falchion
rCold    + . .     Gourm    .   (no shield)
rNeg     . . .     Faith    .   m - +0 ring mail
rPois    .         Spirit   .   (no helmet)
rElec    .         Reflect  .   (no cloak)
rCorr    .         Harm     .   (no gloves)
MR       .....                  l - +0 pair of boots
Stlth    +.........             r - amulet of regeneration
HPRegen  0.54/turn              y - ring "Ydiull" {+Fly rF+ rC+ Str+6}
MPRegen  0.11/turn              (no ring)

@: very slightly contaminated
A: no striking features
a: Evoke Flight


You were on level 4 of the Dungeon.
You were not hungry.

You visited 1 branch of the dungeon, and saw 4 of its levels.

You collected 194 gold pieces.

Inventory:

Hand Weapons
 a - a +0 falchion (weapon)
Missiles
 e - 4 tomahawks of dispersal (quivered)
 j - 17 stones
 t - 4 poisoned needles
Armour
 l - a +0 pair of boots (worn)
 m - a +0 ring mail (worn)
Jewellery
 r - an amulet of regeneration (around neck)
 y - the ring "Ydiull" (left hand) {+Fly rF+ rC+ Str+6}
   (You found it on level 4 of the Dungeon)

   [ring of protection from fire]

   It affects your strength (+6).
   It protects you from fire.
   It protects you from cold.
   It lets you fly.
Wands
 x - a wand of flame (14)
Scrolls
 b - a scroll of random uselessness {unknown}
 c - a scroll of fog {unknown}
 d - 3 scrolls of blinking
 h - 3 scrolls of remove curse
 i - 6 scrolls of identify
 k - a scroll of immolation {unknown}
 p - a scroll of amnesia
 q - a scroll of teleportation {unknown}
 w - 2 scrolls of fear
Potions
 g - 2 potions of agility
 n - 4 potions of curing
 o - a potion of heal wounds {unknown}
 s - a potion of lignification {unknown}
 v - a potion of haste {unknown}
Comestibles
 f - 6 rations


   Skills:
 - Level 2.0 Fighting
 - Level 4.0 Long Blades
 - Level 1.0 Throwing
 * Level 4.5 Armour
 - Level 2.0 Dodging
 - Level 2.0 Spellcasting
 - Level 3.0 Translocations


You had 2 spell levels left.
You knew the following spells:

 Your Spells              Type           Power        Failure   Level  Hunger
a - Blink                 Tloc           N/A          17%         2    ###....
b - Shroud of Golubria    Chrm/Tloc      #.........   30%         2    ###....
c - Teleport Other        Tloc           ##......     32%         3    ###....

Your spell library contained the following spells:

 Spells                   Type           Power        Failure   Level  Hunger
 Gell's Gravitas          Tloc           ##........   32%         3    ###....
 Lesser Beckoning         Tloc           ##........   32%         3    ###....
 Passage of Golubria      Tloc           N/A          73%         4    #####..


Dungeon Overview and Level Annotations

Branches:
Dungeon (4/15)
 Temple: D:4-7

Altars:


Message History

Confirm with . or Enter, or press ? or * to list all spells.
Space distorts slightly along a thin shroud covering your body.
The ogre misses you.
You riposte.
You hit the ogre.
The ogre is lightly wounded.
You hit the ogre.
The ogre is lightly wounded.
The ogre hits you with a +0 giant club!
Your shroud falls apart!
You slash the ogre!
The ogre is heavily wounded.
The ogre closely misses you.
You riposte.
You hit the ogre.
The ogre is heavily wounded.
You barely miss the ogre.
The ogre is heavily wounded.
The ogre closely misses you.
You hit the ogre.
The ogre is severely wounded.
The ogre hits you with a +0 giant club!!
Ouch! That really hurt!
You die...

#..###.).............###..#
#
#..#.................##.##
# #...................#..#
#..................†..##
#.....................#
#....................##
#.^.................##
#..................>#
#....(....@........##
##.......O.........#
##...............##
###.............#
##...........##
##..........# ###.##..#.##
#####...# #..##


You could see an ogre.

Vanquished Creatures
  An orc priest (D:4)
  An iguana (D:3)
  7 gnolls
  3 adders
  2 oozes
  2 worms (D:2)
  A dart slug (D:1)
  2 orcs
  2 ball pythons
  8 bats
  3 giant cockroaches
  4 goblins
  4 hobgoblins
  6 jackals
  4 frilled lizards
  8 kobolds
  8 rats
66 creatures vanquished.

Notes
Turn   | Place    | Note
-------+----------+-------------------------------------------
     0 | D:1      | Deathwalker the Human Warper began the quest for the Orb.
     0 | D:1      | Reached XP level 1. HP: 16/16 MP: 3/3
   114 | D:1      | Reached XP level 2. HP: 19/22 MP: 5/5
   295 | D:1      | Reached XP level 3. HP: 24/27 MP: 6/6
  1098 | D:1      | Learned a level 2 spell: Blink
  1101 | D:1      | Learned a level 2 spell: Shroud of Golubria
  1433 | D:2      | Reached XP level 4. HP: 26/33 MP: 2/7
  2455 | D:2      | Reached XP level 5. HP: 25/38 MP: 8/8
  3427 | D:4      | Learned a level 3 spell: Teleport Other
  3453 | D:4      | Reached XP level 6. HP: 44/44 MP: 9/9
  3579 | D:4      | Got a brightly glowing marble ring
  3603 | D:4      | Identified the ring "Ydiull" {+Fly rF+ rC+ Str+6} (You
                  | found it on level 4 of the Dungeon)
  3628 | D:4      | Noticed an ogre
  3738 | D:4      | Slain by an ogre

Skill      XL: |  1  2  3  4  5 |
---------------+----------------+-----
Long Blades    | 3 4 |  4.0
Armour         | 2 4 |  4.5
Fighting       | |  2.0
Throwing       | |  1.0
Dodging        | |  2.0
Spellcasting   | |  2.0
Translocations | |  3.0

Action                   |  1- 3 |  4- 6 || total
-------------------------+-------+-------++-------
Melee: Falchion          |   111 |   165 ||   276
Throw: Tomahawk          |       |     1 ||     1
 Cast: Shroud of Golubri |     2 |    10 ||    12
       Blink             |       |     4 ||     4
 Abil: Evoke Flight      |       |     1 ||     1
  Use: Scroll            |       |     5 ||     5
  Eat: Chunk             |     1 |     7 ||     8
       Ration            |       |     1 ||     1
Armor: Leather armour    |     3 |       ||     3
       Ring mail         |    41 |    56 ||    97
Dodge: Dodged            |    74 |    94 ||   168
       Rpst.: Falchion   |    28 |    36 ||    64
